 Dungeon Crawl Stone Soup version 0.30.0-15-g856e2d3f33 (webtiles) character file.

Game seed: 11747550683745691119

111344 NateTC the Severer (level 17, -6/216 HPs)
             Began as a Formicid Fighter on May 20, 2023.
             Was an Initiate of Gozag.
             Mangled by a redback (9 damage)
             ... on level 4 of the Spider Nest.
             The game lasted 00:55:58 (24290 turns).

NateTC the Severer (Formicid Fighter)              Turns: 24290, Time: 00:55:58

Health: -6/216     AC: 28    Str: 27 (28) XL:     17   Next: 12%
Magic:  2/17       EV:  2    Int:  4      God:    Gozag
Gold:   314        SH: 11    Dex: 13      Spells: 16/16 levels left

rFire   + . .        a - +9 battleaxe (elec)
rCold   + + +        L - +0 kite shield {reflect}
rNeg    + + .        E - melded +15 Maxwell's patent armour {-Cast -Tele rElec Will+ rCorr}
rPois   +            (helmet unavailable)
rElec   +            g - melded +1 cloak
rCorr   +            B - melded +1 pair of gloves of the Beekeeper {rN+ Str+3 Slay-4}
SInv    .            C - melded +1 pair of boots "Zubo" {rElec}
Will    +....        N - amulet of Brilliance {rC++ rN++ Regen+ Int-5}
Stlth   +            p - ring of resist corrosion
HPRegen 1.36/turn    t - ring of poison resistance
MPRegen 0.15/turn

%: reflection
@: mighty, lethally poisoned (-6 -> -35), tree-form, resistant, gold aura
A: stationary, stasis, torment immunity, boosted hp, permanent stasis, dig
shafts and tunnels, (antennae 3), four strong arms
a: End Transformation, Renounce Religion, Potion Petition, Call Merchant, Bribe
Branch


You were on level 4 of the Spider Nest.
You worshipped Gozag.
Gozag was aware of your devotion.
You were a tree.
You visited 5 branches of the dungeon, and saw 23 of its levels.

You collected 8280 gold pieces.
You spent 3670 gold pieces at shops.
You paid 4296 gold pieces to Gozag.

Inventory:

Hand Weapons
 a - a +9 battleaxe of electrocution (weapon)
 b - a +4 dire flail
 c - a +0 great mace of protection
Armour
 g - a +1 cloak (melded)
 B - the +1 pair of gloves of the Beekeeper (melded) {rN+ Str+3 Slay-4}
   (You bought it in a shop on level 2 of the Lair of Beasts)

   Str:       It affects your strength (+3).
   Slay:      It affects your accuracy & damage with ranged weapons and melee
   (-4).
   rN:        It protects you from negative energy.
 C - the +1 pair of boots "Zubo" (melded) {rElec}
   (You bought it in a shop on level 10 of the Dungeon)

   rElec:     It insulates you from electricity.
 E - the +15 Maxwell's patent armour (melded) {-Cast -Tele rElec Will+ rCorr}
   (You bought it in a shop on level 2 of the Lair of Beasts)

   rElec:     It insulates you from electricity.
   -Cast:     It prevents spellcasting.
   -Tele:     It prevents most forms of teleportation.
   rCorr:     It protects you from acid and corrosion.
   Will:      It increases your willpower.
 K - a +1 buckler of cold resistance
 L - a +0 kite shield of reflection (worn)
Jewellery
 j - an amulet of guardian spirit
 p - a ring of resist corrosion (left branch)
 t - a ring of poison resistance (right branch)
 z - a ring of protection from fire
 N - the amulet of Brilliance (around neck) {rC++ rN++ Regen+ Int-5}
   (You bought it in a shop on level 2 of the Spider Nest)

   [amulet of regeneration]

   Int:       It affects your intelligence (-5).
   rC:        It greatly protects you from cold.
   rN:        It greatly protects you from negative energy.
   Regen:     It increases your rate of health regeneration.
Wands
 d - a wand of mindburst (5)
 r - a wand of paralysis (10)
 x - a wand of polymorph (19)
 F - a wand of digging (2)
 G - a wand of light (10)
 M - a wand of iceblast (2)
 O - a wand of flame (14)
Scrolls
 l - 3 scrolls of amnesia
 n - a scroll of poison
 o - 4 scrolls of enchant weapon
 s - 5 scrolls of identify
 y - a scroll of enchant armour
 D - a scroll of fog
 H - a scroll of silence
 P - a scroll of magic mapping
Potions
 e - 12 potions of curing
 f - 4 potions of lignification
 h - 3 potions of mutation
 i - 6 potions of attraction
 k - a potion of invisibility
 m - 5 potions of ambrosia
 q - 4 potions of flight
 u - 2 potions of magic
 v - 4 potions of might
 w - 5 potions of haste
 A - a potion of resistance
 J - a potion of cancellation
Miscellaneous
 I - a box of beasts


   Skills:
 * Level 15.8 Fighting
 - Level 20.0 Axes
 - Level 15.0 Armour
 - Level 11.0 Shields
 - Level 5.1 Evocations


You had 16 spell levels left.
You didn't know any spells.
Your spell library contained the following spells:

 Spells                   Type           Power      Damage    Failure   Level
 Foxfire                  Conj/Fire      0%         2x1d4     67%         1
 Freeze                   Ice            0%         1d3       67%         1
 Kiss of Death            Conj/Necr      0%         2d5       67%         1
 Magic Dart               Conj           0%         1d3       67%         1
 Slow                     Hex            0%         N/A       67%         1
 Call Imp                 Summ           0%         N/A       80%         2
 Searing Ray              Conj           0%         2d4       80%         2
 Confusing Touch          Hex            0%         N/A       95%         3
 Frozen Ramparts          Ice            0%         1d1       95%         3
 Hailstorm                Conj/Ice       0%         3d3       95%         3
 Inner Flame              Hex/Fire       0%         N/A       95%         3
 Mephitic Cloud           Conj/Pois/Air  0%         N/A       95%         3
 Ozocubu's Armour         Ice            0%         N/A       95%         3
 Vampiric Draining        Necr           0%         2d6       95%         3
 Dispel Undead            Necr           0%         3d6       100%        4
 Flame Wave               Conj/Fire      0%         2d4       100%        4
 Fulminant Prism          Conj/Hex       0%         3d5       100%        4
 Ice Form                 Ice/Tmut       0%         N/A       100%        4
 Petrify                  Tmut/Erth      0%         N/A       100%        4
 Sticky Flame             Conj/Fire      0%         2d3       100%        4
 Fireball                 Conj/Fire      0%         3d3       100%        5
 Metabolic Englaciation   Hex/Ice        0%         N/A       100%        5
 Plasma Beam              Fire/Air       0%         2x1d11    100%        6
 Starburst                Conj/Fire      0%         6d3       100%        6
 Statue Form              Tmut/Erth      0%         N/A       100%        6
 Simulacrum               Ice/Necr       Unusable   N/A       N/A         6

Dungeon Overview and Level Annotations

Branches:
Dungeon (11/15) Zot: 26732  Temple (1/1) D:4 Zot: 5989    Lair (5/5) D:10 Zot: 23500
 Shoals (0/4) Lair:2       Spider (4/4) Lair:2 Zot: 19801   Slime (0/5) Lair:5
    Orc (2/2) D:11 Zot: 9205     Elf (0/3) Orc:2

Altars:
Cheibriados
Elyvilon
Fedhas
Gozag
Kikubaaqudgha
Qazlal
Sif Muna
Trog
Uskayaw
Vehumet
Wu Jian
Yredelemnul
The Shining One
Jiyva

Shops:
D:4 (   D:7 ?   D:10 [   D:11 [   Orc:1 :   Orc:2 !![:   Lair:2 [   Lair:5 [
Spider:2 =

Annotations:
D:5 3 runed translucent doors, dolemite99's ghost, amateur DrHu


Innate Abilities, Weirdness & Mutations

You are a tree.
Your roots penetrate the ground, keeping you stationary.
You cannot be teleported.
You are immune to unholy pain and torment.
Your maximum health is greatly increased.
Your equipment is partially melded.
You cannot be hasted, slowed, berserked, paralysed or teleported.
You can dig through walls and to a lower floor.
((You have a pair of large antennae on your head. (SInv)))
Your four strong arms can wield two-handed weapons with a shield.


Message History

* * * LOW HITPOINT WARNING * * *
The wolf spider bites you but does no damage.
Okay, then. [a] - 384 gold - heal wounds, curing and magic [b] - 391 gold - resistance, might and lignification [c] - 464 gold - curing, magic and heal wounds Purchase which effect?
You no longer have enough gold to petition Gozag for potion effects.
You feel protected.
You feel mightier all of a sudden.
You turn into a tree.
Your +1 cloak melds into your body.
The +1 pair of gloves of the Beekeeper {rN+ Str+3 Slay-4} melds into your body.
The +1 pair of boots "Zubo" {rElec} melds into your body.
The +15 Maxwell's patent armour {-Cast -Tele rElec Will+ rCorr} melds into your body.
Your roots penetrate the ground.
The redback bites you but does no damage.
You block the wolf spider's attack.
The wolf spider splashes around in the water.
You block the redback's attack. You block the wolf spider's attack.
The wolf spider bites you.
* * * LOW HITPOINT WARNING * * *
You closely miss the redback. You closely miss the wolf spider.
The redback bites you!
* * * LOW HITPOINT WARNING * * *
You are lethally poisoned!
The redback poisons you! You block the wolf spider's attack.
The wolf spider bites you.
* * * LOW HITPOINT WARNING * * *
The redback bites you but does no damage.
You barely miss the wolf spider.
The wolf spider is severely wounded.
You slash the redback!
* * * LOW HITPOINT WARNING * * *
You feel extremely sick.
The wolf spider hits you but does no damage.
The wolf spider bites you but does no damage.
The redback bites you but does no damage.
The wolf spider barely misses you. You block the wolf spider's attack.
The redback bites you!
You die...
Your body crumbles into a pile of gold.

................^~#....#.^.......
....~................####.~≈.....
......########≈≈≈≈....###^..^#...
..#### { ####≈≈..^.###...#...
###~~ { {{{ ##≈..~~###...^^#.
.~..y { #^....##~.#...#. ##!!{ {
#...~####..^..^. ^.^{{{{
{####...####.#...... ^.~.w{#
####s♣....###....#.#..
#....^.####ysss.^.####...^......
#^...$...s#########.^.#......
###^~$~^#########............
####### ##............#..#.
######...^...#^.....^.^.
##.#...##..........#.#...
#^.........#............#
##.............#......#.^


You could see 2 emperor scorpions, a wolf spider (berserk), a moth of wrath, an
orb spider and a redback (berserk).

Vanquished Creatures
  Jorgrun (Orc:2)
  Rupert (Orc:1)
  Gastronok (Orc:1)
  Agnes (Spider:1)
  Donald (Orc:1)
  4 emperor scorpions
  3 ghost moths
  An orc warlord (Orc:2)
  A broodmother (Spider:1)
  A spark wasp (Spider:3)
  Snorg (Orc:2)
  An ettin (Orc:2)
  2 entropy weavers (Spider:2)
  6 boulder beetles
  4 ogre magi (Orc:2)
  5 jorogumos (Spider:3)
  Erica (D:10)
  4 radroaches
  5 two-headed ogres
  An orc high priest (Orc:2)
  Nergalle (Orc:2)
  2 skysharks (Lair:3)
  A sun moth (Spider:4)
  9 orb spiders
  3 pharaoh ants
  5 steelbarb worms
  A deep elf archer (Orc:2)
  A deep elf pyromancer (Orc:1)
  9 orc sorcerers (Orc:2)
  A deep elf zephyrmancer (Orc:2)
  12 wolf spiders
  3 moths of wrath
  5 black mambas
  15 elephants
  Joseph (D:7)
  9 demonic crawlers
  2 torpor snails (Spider:2)
  6 cane toads
  2 unseen horrors
  A rime drake (Lair:5)
  6 komodo dragons
  A kobold demonologist (D:11)
  2 anaconda simulacra (Spider:3)
  5 polar bears
  3 trolls
  5 hornets
  14 tarantellas
  7 blink frogs
  2 dream sheep (Lair:5)
  33 jumping spiders
  12 culicivoras
  2 wraiths
  A dire elephant simulacrum (Spider:3)
  12 spriggans (Lair:5)
  5 wyverns
  39 redbacks
  54 yaks
  4 basilisks
  3 vampire mosquitoes (D:11)
  A steam dragon (D:9)
  A harpy simulacrum (Spider:3)
  14 water moccasins
  A sky beast (D:5)
  5 black bears
  2 alligator simulacra (Spider:3)
  19 orc warriors
  5 boggarts (Lair:5)
  31 wolves
  4 centaurs
  9 ogres
  A phantom (D:5)
  2 kobold brigands
  Blork the orc (D:5)
  6 bullfrogs
  A deep troll simulacrum (Spider:3)
  4 scorpions
  25 wights
  A lindwurm simulacrum (Spider:3)
  5 killer bees
  3 electric eels
  2 howler monkeys (D:9)
  A hound (D:5)
  9 jellies
  18 orc priests
  A sleepcap (D:3)
  6 iguanas
  30 orc wizards
  4 gnolls (D:4)
  10 adders
  A shadow imp (D:5)
  2 white imps
  2 ufetubi
  A dart slug (D:1)
  2 worms (D:5)
  61 orcs
  4 bats
  8 endoplasms
  8 giant cockroaches
  12 goblins
  5 hobgoblins
  11 jackals
  17 kobolds
  4 quokkas
  2 training dummies (D:6)
  8 ball pythons
  5 frilled lizards
  4 rats
  2 spectral weapons (Spider:1)
725 creatures vanquished.

Vanquished Creatures (others)
  A pharaoh ant (Spider:3)
  An orb spider (Spider:2)
  2 orcs (Orc:2)
4 creatures vanquished.

Grand Total: 729 creatures vanquished

Notes
Turn   | Place    | Note
-------+----------+-------------------------------------------
     0 | D:1      | NateTC the Formicid Fighter began the quest for the Orb.
     0 | D:1      | Reached XP level 1. HP: 18/18 MP: 1/1
   144 | D:1      | Reached XP level 2. HP: 22/24 MP: 2/2
   410 | D:1      | Reached XP level 3. HP: 28/29 MP: 3/3
   471 | D:1      | Reached skill level 3 in Axes
   991 | D:2      | Reached XP level 4. HP: 14/35 MP: 4/4
  1273 | D:2      | Reached skill level 5 in Shields
  1345 | D:2      | Found a basalt altar of Yredelemnul.
  2005 | D:3      | Reached skill level 4 in Axes
  2093 | D:3      | Reached XP level 5. HP: 18/41 MP: 5/5
  2645 | D:3      | Reached skill level 5 in Axes
  2645 | D:3      | Reached XP level 6. HP: 34/48 MP: 6/6
  3108 | D:4      | Found a staircase to the Ecumenical Temple.
  3120 | Temple   | Entered the Ecumenical Temple
  3125 | Temple   | Became a worshipper of Gozag Ym Sagoz the Greedy
  3561 | D:4      | Reached XP level 7. HP: 33/54 MP: 7/7
  3729 | D:4      | Found Ifeschoch's Antique Weapon Shop.
  3894 | D:4      | Bought a runed giant club for 79 gold pieces
  4163 | D:5      | Entered Level 5 of the Dungeon
  4224 | D:5      | Reached skill level 6 in Axes
  4597 | D:5      | Found a runed translucent gate.
  4598 | D:5      | Found a runed translucent gate.
  4600 | D:5      | Found a runed translucent gate.
  4655 | D:5      | Noticed dolemite99's ghost (amateur DrHu)
  4757 | D:5      | Reached XP level 8. HP: 52/61 MP: 8/8
  4808 | D:5      | Noticed Blork the orc
  4819 | D:5      | Killed Blork the orc
  4820 | D:5      | Reached skill level 7 in Axes
  5193 | D:6      | Reached skill level 5 in Armour
  5515 | D:6      | Reached skill level 5 in Fighting
  5644 | D:6      | Reached skill level 8 in Axes
  5651 | D:6      | Reached XP level 9. HP: 22/68 MP: 9/9
  5843 | D:6      | You fall into a shaft and drop 3 floors!
  5930 | D:9      | Found a viscous altar of Jiyva.
  5934 | D:9      | Reached skill level 9 in Axes
  6001 | D:9      | Noticed a hornet
  6078 | D:7      | Found an ancient bone altar of Kikubaaqudgha.
  6081 | D:7      | Found a shimmering blue altar of Sif Muna.
  6083 | D:7      | Found a stormy altar of Qazlal.
  6646 | D:7      | Noticed a troll
  6731 | D:6      | Killed a troll
  6732 | D:6      | Reached skill level 10 in Axes
  6967 | D:7      | Noticed Joseph
  6984 | D:7      | Killed Joseph
  6985 | D:7      | Reached skill level 11 in Axes
  6985 | D:7      | Reached XP level 10. HP: 64/77 MP: 10/10
  7366 | D:7      | Found Fepn's Magic Scroll Boutique.
  7376 | D:7      | Bought a scroll of identify for 30 gold pieces
  7376 | D:7      | Bought a scroll of enchant armour for 112 gold pieces
  7376 | D:7      | Bought a scroll of identify for 30 gold pieces
  7376 | D:7      | Bought a scroll of identify for 30 gold pieces
  7376 | D:7      | Bought a scroll of enchant weapon for 112 gold pieces
  7613 | D:7      | Reached skill level 12 in Axes
  9454 | D:10     | Entered Level 10 of the Dungeon
  9455 | D:10     | Found a staircase to the Lair.
  9467 | D:10     | Reached XP level 11. HP: 86/86 MP: 11/11
  9468 | D:10     | Noticed a two-headed ogre
  9475 | D:10     | Killed a two-headed ogre
  9643 | D:10     | Noticed a two-headed ogre
  9656 | D:10     | Killed a two-headed ogre
  9756 | D:10     | Noticed a two-headed ogre
  9773 | D:10     | Killed a two-headed ogre
  9774 | D:10     | Reached skill level 10 in Fighting
  9778 | D:10     | Noticed Erica
  9794 | D:10     | Killed Erica
  9795 | D:10     | Reached skill level 10 in Armour
 10125 | D:10     | Found Kamiud's Armour Shop.
 10187 | D:10     | Bought the +1 pair of boots "Zubo" {rElec} for 305 gold
                  | pieces
 10426 | Lair:1   | Entered Level 1 of the Lair of Beasts
 10503 | Lair:1   | Reached XP level 12. HP: 99/99 MP: 12/12
 10678 | Lair:1   | Noticed a boulder beetle
 10713 | Lair:1   | Killed a boulder beetle
 10714 | Lair:1   | Reached skill level 1 in Evocations
 11370 | Lair:2   | Found a hole to the Spider Nest.
 11370 | Lair:2   | Noticed a pharaoh ant
 11385 | Lair:2   | Killed a pharaoh ant
 11386 | Lair:2   | Reached skill level 10 in Shields
 11686 | Lair:2   | Found a staircase to the Shoals.
 12475 | Lair:2   | Bought the +1 pair of gloves of the Beekeeper {rN+ Str+3
                  | Slay-4} for 122 gold pieces
 12542 | Lair:3   | Noticed a skyshark
 12548 | Lair:3   | Killed a skyshark
 12551 | Lair:3   | Reached skill level 5 in Evocations
 13048 | Lair:3   | Found a snail-covered altar of Cheibriados.
 13451 | Lair:4   | Noticed a skyshark
 13468 | Lair:3   | Killed a skyshark
 13469 | Lair:3   | Reached XP level 13. HP: 12/108 MP: 13/13
 13866 | Lair:2   | Bought the +15 Maxwell's patent armour {-Cast -Tele rElec
                  | Will+ rCorr} for 1276 gold pieces
 13866 | Lair:2   | Found the +15 Maxwell's patent armour {-Cast -Tele rElec
                  | Will+ rCorr}
 13935 | Lair:4   | Reached skill level 13 in Axes
 14968 | Lair:5   | Entered Level 5 of the Lair of Beasts
 14984 | Lair:4   | Reached skill level 14 in Axes
 15296 | Lair:5   | Found a viscous altar of Jiyva.
 15296 | Lair:5   | Found a staircase to the Slime Pits.
 15412 | Lair:5   | Reached skill level 15 in Axes
 15422 | Lair:5   | Reached XP level 14. HP: 112/115 MP: 14/14
 16315 | Lair:5   | Reached skill level 16 in Axes
 16758 | Lair:5   | Bought a runed buckler for 270 gold pieces
 17062 | D:11     | Found a staircase to the Orcish Mines.
 17065 | D:11     | Found Mutotwya's Armour Emporium.
 17106 | Orc:1    | Entered Level 1 of the Orcish Mines
 17280 | Orc:1    | Noticed Gastronok
 17295 | Orc:1    | Killed Gastronok
 17455 | Orc:1    | Found Qeadiucw's Book Shoppe.
 17564 | Orc:2    | Entered Level 2 of the Orcish Mines
 17566 | Orc:2    | Noticed Donald
 17602 | Orc:1    | Killed Donald
 17726 | Orc:2    | Found a staircase to the Elven Halls.
 17752 | Orc:2    | Noticed Rupert
 17781 | Orc:1    | HP: 4/115 [Rupert/+0 great mace of protection (22)]
 17791 | Orc:1    | Killed Rupert
 17997 | Orc:2    | Noticed Jorgrun
 18100 | Orc:2    | Killed Jorgrun
 18123 | Orc:2    | Reached skill level 17 in Axes
 18378 | Orc:2    | Noticed an orc warlord
 18396 | Orc:2    | Reached XP level 15. HP: 101/121 MP: 15/15
 18414 | Orc:2    | Killed an orc warlord
 18659 | Orc:2    | Noticed Snorg
 18672 | Orc:2    | Killed Snorg
 19110 | Orc:2    | Found Hiacuu's Distillery.
 19116 | Orc:2    | Found Etiter's Book Shop.
 19244 | Orc:2    | Found a radiant altar of Vehumet.
 19323 | Orc:2    | Noticed Nergalle
 19326 | Orc:2    | Found an ancient bone altar of Kikubaaqudgha.
 19333 | Orc:2    | Killed Nergalle
 19438 | Orc:2    | Found Buden's Distillery.
 19446 | Orc:2    | Reached skill level 18 in Axes
 19454 | Orc:2    | Found Lusmeiky's Antique Armour Boutique.
 19483 | Orc:2    | Bought a potion of curing for 39 gold pieces
 19546 | Orc:2    | Bought a potion of heal wounds for 80 gold pieces
 19546 | Orc:2    | Bought a potion of ambrosia for 128 gold pieces
 19546 | Orc:2    | Bought 2 potions of might for 128 gold pieces
 19546 | Orc:2    | Bought 2 potions of ambrosia for 256 gold pieces
 19546 | Orc:2    | Bought a potion of cancellation for 128 gold pieces
 19991 | Spider:1 | Entered Level 1 of the Spider Nest
 20319 | Spider:1 | Noticed Agnes
 20331 | Spider:1 | Noticed a ghost moth
 20333 | Spider:1 | Killed Agnes
 20342 | Spider:1 | Killed a ghost moth
 20789 | Spider:1 | Noticed a broodmother
 20800 | Spider:1 | Killed a broodmother
 21356 | Spider:2 | Reached skill level 19 in Axes
 21402 | Spider:2 | Reached skill level 15 in Armour
 21407 | Spider:2 | Reached XP level 16. HP: 125/127 MP: 16/16
 22243 | Spider:2 | Bought the amulet of Brilliance {rC++ rN++ Regen+ Int-5}
                  | for 545 gold pieces
 22335 | Spider:3 | Noticed an emperor scorpion
 22430 | Spider:3 | Killed an emperor scorpion
 22614 | Spider:3 | HP: 3/131 [jorogumo (18)]
 22958 | Spider:3 | Found a frozen archway.
 23159 | Spider:3 | Noticed an emperor scorpion
 23171 | Spider:3 | Killed an emperor scorpion
 23572 | Spider:4 | Entered Level 4 of the Spider Nest
 23583 | Spider:4 | Reached skill level 20 in Axes
 23849 | Spider:4 | Reached skill level 15 in Fighting
 24100 | Spider:4 | Reached XP level 17. HP: 110/142 MP: 17/17
 24290 | Spider:4 | HP: 3/216 [poisoned by a redback]
 24290 | Spider:4 | Mangled by a redback

Illustrated notes

Levels and vault maps discovered:
D:1:      dpeg_arrival_snail, layout_loops_ring
D:2:      layout_basic, basic_altar
D:3:      layout_loops_ring
D:4:      kennysheep_the_goblin_king, layout_loops_ring, temple_fountains,
          serial_shops, shop, minmay_misc_feat_rugged, minmay_crystal_room
D:5:      layout_basic, ebering_ghost_rock_garden, uniq_blork_the_orc
D:6:      dreamdust_elfheim, layout_basic
D:7:      layout_gridville, grunt_temple_overflow_open, serial_shops, shop,
          uniq_joseph
D:8:      layout_rooms, dreamdust_mushroom_princess
D:9:      layout_loops_ring, jiyva_altar_1
D:10:     layout_basic, due_lair_maze_entry_diamond, serial_shops,
          nicolae_shop_tiny_waterfront, roderic_filled_cross, uniq_erica
D:11:     layout_layer_cave, orc_david_3
Temple:   compressed_dpeg_triangle_lava_temple
Lair:1:   layout_chaotic_city, lemuel_fruit_tree, serial_bayou_shore_a
Lair:2:   layout_regular_city, minmay_shoals_entry_centaurs,
          nicolae_spider_entry_lesser_pyramids
Lair:3:   layout_regular_city, basic_altar
Lair:4:   layout_layer_cave
Lair:5:   minmay_lair_end_enchanted_forest, layout_gridlike,
          nicolae_slime_entry_field_trip, serial_rivers,
          chequers_serial_rivers_small_a, chequers_serial_rivers_room_b,
          chequers_serial_rivers_micro_b, chequers_serial_rivers_small_a,
          chequers_serial_rivers_micro_d, lemuel_fruit_fields
Spider:1: layout_spider_delve, uniq_agnes
Spider:2: layout_spider_delve, nicolae_orb_stairs
Spider:3: layout_spider_delve, portal_ice_cave_entry_ice_simulacra,
          nicolae_spider_world_wide_web
Spider:4: grunt_spider_rune_circles, nicolae_spider_spiderdrome
Orc:1:    layout_caves, serial_shops, nicolae_book_shop_shelving, mines1_david,
          uniq_gastronok
Orc:2:    kennysheep_orc_mage_school, layout_diamond_mine, elf_legates,
          uniq_donald, uniq_rupert, uniq_snorg, uniq_jorgrun

Skill      XL: |  1  2  3  4  5  6  7  8  9 10 11 12 13 14 15 16 |
---------------+-------------------------------------------------+-----
Axes           | 3 4 5 6 8 11 12 15 17 19 20 | 20.0
Shields        | 5 6 8 11 | 11.0
Fighting       | 4 5 6 8 10 12 15 | 15.8
Armour         | 4 5 7 10 11 13 15 | 15.0
Evocations     | 5 |  5.1

Action                     |  1- 3 |  4- 6 |  7- 9 | 10-12 | 13-15 | 16-18 || total
---------------------------+-------+-------+-------+-------+-------+-------++-------
  Melee: War axe           |   105 |   193 |   115 |       |       |       ||   413
         Battleaxe         |       |       |    92 |   317 |   775 |   367 ||  1551
 Invoke: Call Merchant     |       |       |       |     1 |     1 |     1 ||     3
         Potion Petition   |       |       |       |       |     1 |     4 ||     5
Ability: Dig               |       |     3 |       |       |       |     1 ||     4
    Use: Scroll            |     4 |     4 |     8 |    18 |     1 |     2 ||    37
         Potion            |       |     1 |     6 |     1 |     6 |     4 ||    18
   Stab: Distracted        |       |       |     2 |     1 |     3 |     5 ||    11
         Held in net/web   |       |       |       |       |       |     1 ||     1
 Armour: Scale mail        |    48 |    78 |    94 |     8 |       |       ||   228
         Chain mail        |       |       |       |    26 |       |       ||    26
         Plate armour      |       |       |       |   168 |   579 |   450 ||  1197
         Skin              |       |       |       |       |       |     5 ||     5
  Dodge: Dodged            |    45 |    90 |    90 |   109 |   221 |   182 ||   737
  Block: Buckler           |    31 |    76 |    64 |   143 |   184 |       ||   498
         Kite shield       |       |       |       |       |   237 |   292 ||   529
         Reflection        |       |       |       |       |     5 |     5 ||    10
